 Dungeon Crawl Stone Soup version 0.31-a0-949-g57150269e1 (webtiles) character file.

Game seed: 16192553285543291356

332 sampeng1 the Chopper (level 6, -3/49 HPs)
             Began as a Human Berserker on Oct 22, 2023.
             Was a Priest of Trog.
             Killed by nerve-wracking pain
             ... invoked by an orc priest
              (9 damage)
             ... on level 5 of the Dungeon.
             The game lasted 00:11:35 (3969 turns).

sampeng1 the Chopper (Human Berserker)              Turns: 3969, Time: 00:11:36

Health: -3/49      AC: 10    Str: 18 (19) XL:     6   Next: 82%
Magic:  6/6        EV:  8    Int:  7      God:    Trog [***...]
Gold:   198        SH:  0    Dex: 11 (13) Spells: 5/5 levels left

rFire   . . .        a - +0 hand axe
rCold   . . .        (no shield)
rNeg    . . .        i - +0 chain mail
rPois   .            (no helmet)
rElec   .            g - scarf {+Inv}
rCorr   .            b - +0 pair of gloves
SInv    .            (no boots)
Will    .....        (no amulet) Stlth
                     (no ring)
HPRegen 0.28/turn    (no ring)
MPRegen 0.10/turn

%: no passive effects
@: on berserk cooldown, slowed, very slow
A: no striking features
a: Renounce Religion, Evoke Invisibility, Berserk, Trog's Hand


You were on level 5 of the Dungeon.
You worshipped Trog.
Trog was most pleased with you.
You visited 1 branch of the dungeon, and saw 5 of its levels.

You collected 198 gold pieces.

Inventory:

Hand Weapons
 a - a +0 hand axe (weapon)
Missiles
 l - 10 poisoned darts (quivered)
Armour
 b - a +0 pair of gloves (worn)
 g - a scarf of invisibility (worn)
 i - a +0 chain mail (worn)
Jewellery
 j - an amulet of magic regeneration
Scrolls
 e - 2 scrolls of teleportation
 k - a scroll of enchant weapon
 m - a scroll of torment
Potions
 c - a potion of enlightenment
 d - 3 potions of might
 f - a potion of attraction
 n - a potion of brilliance
 s - a potion of heal wounds


   Skills:
 + Level 4.3 Fighting
 + Level 4.4 Axes
 + Level 3.6 Armour
 + Level 3.6 Dodging


You had 5 spell levels left.
You didn't know any spells.
Your spell library was empty.

Dungeon Overview and Level Annotations

Branches:
Dungeon (5/15)             Temple (0/1) D:4

Altars:
Hepliaklqana

Portals:
Sewer: D:5


Message History

The worm barely misses you.
Your unstable footing causes you to fumble your attack.
A red film seems to cover your vision as you go berserk!
You feel yourself moving faster!
You feel mighty! The worm barely misses you.
You slash the worm!
The worm is severely wounded.
Your unstable footing causes you to fumble your attack.
The worm splashes around in the water.
Your unstable footing causes you to fumble your attack.
Your unstable footing causes you to fumble your attack.
The worm splashes around in the water.
Your unstable footing causes you to fumble your attack.
Your unstable footing causes you to fumble your attack.
The worm barely misses you.
Your unstable footing causes you to fumble your attack.
You barely miss the worm.
The worm is severely wounded.
The worm closely misses you.
You hit the worm.
The worm is severely wounded.
You slash the worm!
You kill the worm!
Trog accepts your kill.
You feel a strong urge to attack something.
You hear the slow rusting of a drain.
You are no longer berserk.
You are exhausted.
You feel yourself slow down.
An orc priest comes into view.
It is wielding a +0 short sword. 2 orc priests come into view.
An orc priest is wielding a +2 whip of pain.
The orc priest shouts! x2; You hear an angry hiss.
The orc priest hits you but does no damage. x2
The orc priest invokes the aid of Beogh against you.
Beogh smites you!
* * * LOW HITPOINT WARNING * * *
You closely miss the orc priest.
The orc priest invokes the aid of Beogh against you.
Pain shoots through your body!
You die...

,*** **,**** *##########+####
,,,* *,* #.............# ,,,* *,*
####...........#.## ,,,* *,*
##..............#... ,,,* *,*
##..#...#............
+******,*####...~~~~~............
,* *,,,,.....#~~~~~~~#...†......
,* *,,,,......~~~~~~~...........
<* *,,,,......o@~∩~~~...####....
*****,,,,......~~~~~~~~.## #....
,,,,,,,,,.o...#~~~~~~~#.# #....
*****,,,,..o....~~~~~...# #....
*,,,,....#..#~..#..## #....
*,,,,.............## #####
*,,,,....#.....####
*,,,,,...####### *,,,,,..,*


You could see 3 orc priests.

Vanquished Creatures
  A gnoll bouda (D:4)
  An orc priest (D:4)
  An iguana (D:5)
  An orc wizard (D:4)
  5 gnolls (D:4)
  7 adders
  3 worms
  2 dart slugs
  9 orcs
  5 endoplasms
  4 giant cockroaches
  4 goblins
  5 hobgoblins
  3 jackals (D:2)
  6 kobolds
  8 quokkas
  10 ball pythons
  9 bats
  A frilled lizard (D:1)
  7 rats
92 creatures vanquished.

Notes
Turn   | Place    | Note
-------+----------+-------------------------------------------
     0 | D:1      | sampeng1 the Human Berserker began the quest for the Orb.
     0 | D:1      | Reached XP level 1. HP: 18/18 MP: 1/1
   157 | D:1      | Reached XP level 2. HP: 23/24 MP: 2/2
   331 | D:1      | Reached XP level 3. HP: 29/29 MP: 3/3
   426 | D:1      | Reached ** piety under Trog
   963 | D:2      | Reached XP level 4. HP: 28/35 MP: 4/4
  1376 | D:2      | Found a faded altar of an unknown god.
  1660 | D:3      | Reached XP level 5. HP: 37/42 MP: 5/5
  1850 | D:3      | Found a hazy altar of Hepliaklqana.
  1858 | D:3      | Reached *** piety under Trog
  2569 | D:4      | Reached XP level 6. HP: 48/48 MP: 6/6
  3643 | D:4      | Found a staircase to the Ecumenical Temple.
  3873 | D:5      | Entered Level 5 of the Dungeon
  3929 | D:5      | Found a glowing drain.
  3969 | D:5      | Killed from afar by an orc priest

Illustrated notes

Levels and vault maps discovered:
D:1:      dpeg_arrival_windows_large_door, layout_basic
D:2:      layout_rooms, shapermc_ecumenical_altar_notcrosses
D:3:      layout_basic, nicolae_hepliaklqana_hazy_memory, minmay_snake_closets
D:4:      layout_basic, minmay_temple_entry_poolview
D:5:      layout_basic, lemuel_round_altar, lemuel_zombie_altar_yredelemnul,
          cheibrodos_sewer_entry_drain, gammafunk_ghost_grave

Skill      XL: |  1  2  3  4  5 |
---------------+----------------+-----
Armour         | 3 |  3.6
Dodging        | 3 |  3.6
Fighting       | 4 |  4.3
Axes           | 4 |  4.4

Action                     |  1- 3 |  4- 6 || total
---------------------------+-------+-------++-------
  Melee: Hand axe          |    97 |   227 ||   324
         Punch             |     2 |     2 ||     4
 Invoke: Berserk           |       |     5 ||     5
    Use: Potion            |       |     6 ||     6
         Scroll            |       |    11 ||    11
 Armour: Leather armour    |    66 |     4 ||    70
         Chain mail        |       |   199 ||   199
  Dodge: Dodged            |    79 |   102 ||   181

Table legend: (Time is in decaauts)
 A = Elapsed time spent in this place.
 B = Non-inter-level travel time spent in this place.
 C = Inter-level travel time spent in this place.
 D = Time resting spent in this place.
 E = Time spent auto-exploring this place.
 F = Levels seen in this place.
 G = Mean time per level.
                   A        B        C        D        E       F      G
               +--------+--------+--------+--------+--------+-----+--------+
         Total |   4047 |   3933 |    114 |    138 |   2828 |   5 |  809.4 |
       Dungeon |   4047 |   3933 |    114 |    138 |   2828 |   5 |  809.4 |
               +--------+--------+--------+--------+--------+-----+--------+

Top non-repeatable levels by time:
     D:4: 1359 daAuts
     D:3: 1067 daAuts
     D:1: 873 daAuts
     D:2: 635 daAuts
     D:5: 112 daAuts
